 Dungeon Crawl Stone Soup version bcrawl-1.26.1 (webtiles) character file.

Game seed: 15968746063852223032

462146 JackS81 the Fighter (level 15, -1/151 HPs)
             Began as a Minotaur Archaeologist on Feb 9, 2020.
             Was a High Priest of Okawaru.
             Killed from afar by a deep elf knight (17 damage)
             ... with an orb of energy
             ... on level 1 of the Elven Halls on July 11, 2020.
             The game lasted 02:10:25 (26798 turns).

JackS81 the Fighter (Minotaur Archaeologist)       Turns: 26798, Time: 02:10:26

Health: -1/151     AC: 17    Str: 23    XL:     15   Next: 86%
Magic:  22/22      EV: 17    Int: 11    God:    Okawaru [*****.]
Gold:   1810       SH: 13    Dex: 15    Spells: 14/14 levels left

rFire    + + .     SeeInvis +   S - +1 dagger "Eczotz" {speed, *Drain Str+4 SInv}
rCold    + + .     Gourm    .   D - +0 medium shield {reflect}
rNeg     . . .     Faith    +   T - +3 troll leather armour {Snorg}
rPois    .         Spirit   .   t - +2 hat {SInv}
rElec    .         Reflect  +   h - scarf {rC+ rF+}
rCorr    .         Harm     .   B - +0 pair of gloves {Str+3}
MR       +....                  d - +1 pair of boots
Stlth    +++++++...             G - amulet of faith
HPRegen  0.75/turn              Y - ring of stealth
MPRegen  0.18/turn              J - ring "Jatyduk" {rF+ rC+ Stlth+}

@: no status effects
A: retaliatory headbutt, horns 2, molten scales 1, robust 1
a: Heroism, Finesse, Renounce Religion


You were on level 1 of the Elven Halls.
You worshipped Okawaru.
Okawaru was extremely pleased with you.
You were not hungry.

You visited 5 branches of the dungeon, and saw 21 of its levels.
You also visited: Ossuary.

You collected 1840 gold pieces.
You spent 30 gold pieces at shops.

Inventory:

Hand Weapons
 f - a +6 quick blade
 i - a +2 short sword of speed
 s - a +4 scimitar
 S - the +1 dagger "Eczotz" (weapon) {speed, *Drain Str+4 SInv}
   (Okawaru gifted it to you on level 12 of the Dungeon)

   Attacks with this weapon are significantly faster.
   It affects your strength (+4).
   It lets you see invisible.
   It causes draining when unequipped.
 V - the +5 dagger of the Firefly {speed, +Rage rF+ rC+ Dex+4}
   (Okawaru gifted it to you on level 6 of the Lair of Beasts)

   Attacks with this weapon are significantly faster.
   It affects your dexterity (+4).
   It protects you from fire.
   It protects you from cold.
   It lets you go berserk.
Missiles
 z - 629 tomahawks (quivered)
Armour
 d - a +1 pair of boots (worn)
 h - a scarf of resistance (worn)
 k - a +0 buckler of fire resistance
 o - a +2 robe of magic resistance
 t - a +2 hat of see invisible (worn)
 B - a +0 pair of gloves of strength (worn)
 C - a +3 chain mail
 D - a +0 medium shield of reflection (worn)
 N - +0 steam dragon scales
 P - a +1 cloak of poison resistance
 T - a +3 troll leather armour (worn) {Snorg}
Jewellery
 p - an uncursed amulet of guardian spirit
 v - an uncursed ring of see invisible
 G - an amulet of faith (around neck)
 J - the ring "Jatyduk" (right hand) {rF+ rC+ Stlth+}
   (You found it on level 7 of the Dungeon)

   [ring of protection from fire]

   It protects you from fire.
   It protects you from cold.
   It makes you more stealthy.
 K - an uncursed ring of flight
 M - an uncursed ring of protection from cold
 U - an uncursed amulet of the acrobat
 Y - a ring of stealth (left hand)
Wands
 b - a wand of digging (7)
 l - a wand of paralysis (10)
 A - a wand of polymorph (26)
 E - a wand of disintegration (14)
 I - a wand of iceblast (12)
 R - a wand of enslavement (5)
Scrolls
 g - 4 scrolls of magic mapping
 m - 3 scrolls of enchant weapon
 n - 14 scrolls of remove curse
 q - 4 scrolls of teleportation
 r - 5 scrolls of fog
 u - 6 scrolls of enchant armour
 x - 2 scrolls of fear
 y - 5 scrolls of blinking
 X - 2 scrolls of amnesia
 Z - 2 scrolls of identify
Potions
 c - a potion of haste
 j - a potion of cancellation
 w - 2 potions of curing
 F - 2 potions of magic
 H - a potion of agility
 L - 3 potions of brilliance
 O - a potion of berserk rage
Miscellaneous
 Q - a fan of gales (1/2)
 W - a fan of gales (1/2)
Comestibles
 e - 34 rations {!d}


   Skills:
 + Level 14.0 Fighting
 - Level 12.9 Short Blades
   Level 1.9 Maces & Flails
 * Level 12.8 Armour
 + Level 11.9 Dodging
 * Level 10.4 Stealth
 + Level 10.7 Shields
 * Level 11.4 Invocations


You had 14 spell levels left.
You didn't know any spells.
Your spell library contained the following spells:

 Spells                   Type           Power        Failure   Level  Hunger
 Magic Dart               Conj           #...         90%         1    ##.....
 Sandblast                Erth           #.....       90%         1    ##.....
 Sting                    Conj/Pois      #...         90%         1    ##.....
 Blink                    Tloc           N/A          97%         2    ###....
 Call Imp                 Summ           #.....       97%         2    ###....
 Passwall                 Tmut/Erth      #.......     97%         2    ###....
 Poisonous Vapours        Pois/Air       #.....       97%         2    ###....
 Confuse                  Hex            #.......     99%         3    ####...
 Conjure Flame            Conj/Fire      #.......     99%         3    ####...
 Dazzling Orbs            Conj/Hex       #......      99%         3    ####...
 Ignite Poison            Fire/Tmut/Pois #.......     99%         3    ####...
 Mephitic Cloud           Conj/Pois/Air  #.......     99%         3    ####...
 Spider Form              Tmut/Pois      #..          99%         3    ####...
 Stone Arrow              Conj/Erth      #.....       99%         3    ####...
 Olgreb's Toxic Radiance  Pois           #........    100%        4    #####..
 Petrify                  Tmut/Erth      #.......     100%        4    #####..
 Summon Scorpions         Summ/Pois      #.......     100%        4    #####..
 Yara's Violent Unravell  Hex/Tmut       #.........   100%        4    #####..
 Iskenderun's Battlesphe  Conj/Chrm      #.......     100%        5    ######.
 Lee's Rapid Deconstruct  Erth           #.........   100%        5    ######.
 Metabolic Englaciation   Hex/Ice        #.........   100%        5    ######.
 Venom Bolt               Conj/Pois      #.........   100%        5    ######.
 Iron Shot                Conj/Erth      #.........   100%        6    #######
 Poison Arrow             Conj/Pois      #.........   100%        6    #######
 Mana Rupture             Conj/Hex       #.........   100%        7    #######
 Orb of Destruction       Conj           #.........   100%        7    #######
 Spellforged Servitor     Conj/Summ      #.........   100%        7    #######


Dungeon Overview and Level Annotations

Branches:
Dungeon (12/12)            Temple (1/1) D:5            Lair (6/6) D:7
  Swamp (0/3) Lair:3       Spider (0/3) Lair:3        Slime (0/5) Lair:5
    Orc (1/1) D:9             Elf (1/3) Orc          Vaults (0/3) D:12
 Depths (0/5) D:12

Altars:
Ashenzari
Cheibriados
Dithmenos
Elyvilon
Fedhas
Gozag
Hepliaklqana
Kikubaaqudgha
Lugonu
Makhleb
Nemelex Xobeh
Okawaru
Qazlal
Ru
Sif Muna
Trog
Uskayaw
Vehumet
Wu Jian
Xom
Yredelemnul
Zin
The Shining One
Beogh
Jiyva

Shops:
D:6 (   D:8 *   Orc [=![   Elf:1 (*

Annotations:
Lair:4 3 runed translucent doors, Roxyos's ghost, journeyman DsAc


Innate Abilities, Weirdness & Mutations

You reflexively headbutt those who attack you in melee.
You have a pair of horns on your head.
You are partially covered in molten scales. (AC +2)
You are robust. (+10% HP)


Message History

The deep elf knight is heavily wounded.
You block the deep elf knight's attack.
Your shield prevents you from hitting the deep elf knight.
The deep elf knight is heavily wounded.
You block the deep elf knight's attack.
You hit the deep elf knight but do no damage.
The deep elf knight is heavily wounded.
You closely miss the deep elf knight.
Your headbutt misses the deep elf knight.
The deep elf knight is heavily wounded.
You hit the deep elf knight but do no damage.
The deep elf knight is heavily wounded.
The deep elf knight hits you with a +0 long sword!
* * * LOW HITPOINT WARNING * * *
You hit the deep elf knight but do no damage.
You headbutt the deep elf knight.
The deep elf knight is heavily wounded.
The deep elf knight gestures at you while chanting.
The orb of energy hits you!
You die...

## ## ###.###
.########.)...#
..'.....+.....#
..#######.....## ..#
###.##)## .'## ######
##e## ##### ##.###...##
##@###...## ###'#.....##
##'#.....## #
##(......#######......)##
#
#.......'....).........#
#
#.......######.........#
# ##.....## #.........# #
##'#...#'## ##.......##
###.###'###.## ##.#.#.##
##'## #.# ##.## #..∩..'##


You could see a deep elf knight.

Vanquished Creatures
  Gastronok (Orc)
  Jorgrun (D:9)
  Kirke (D:11)
  Donald (Orc)
  Louise (D:12)
  An orc warlord (D:9)
  A dire elephant (D:12)
  Snorg (Lair:4)
  Josephine (Lair:4)
  4 vault guards (D:12)
  3 catoblepae
  10 hydras
  A death knight (D:10)
  11 two-headed ogres
  3 dancing weapons (Elf:1)
  2 alligators
  An ogre mage (D:12)
  8 death yaks
  3 centaur warriors
  A tengu warrior (D:12)
  2 orc high priests (Orc)
  3 deep elf knights (Elf:1)
  Sonja (Orc)
  2 unseen horrors (D:12)
  A skeletal warrior (D:10)
  3 cyclopes
  14 deep elf magi (Elf:1)
  4 orc knights
  Pikel (D:7)
  2 lindwurms (Lair:6)
  An ugly thing (D:12)
  An orc sorcerer (Orc)
  2 elephants (Lair:6)
  5 manticores
  2 black mambas
  A torpor snail (Lair:6)
  2 molten gargoyles (Lair:3)
  13 cane toads
  6 komodo dragons
  2 rime drakes (Lair:6)
  5 yaktaurs (D:12)
  A kobold demonologist (D:10)
  A tengu conjurer (D:12)
  A tyrant leech (Lair:3)
  4 trolls
  2 polar bears (Lair:6)
  4 slime creatures (D:12)
  2 dream sheep (Lair:6)
  16 blink frogs
  A spriggan (D:8)
  10 hippogriffs
  7 wraiths
  4 wyverns
  A shadow (D:12)
  16 yaks
  8 humans (D:12)
  2 basilisks
  2 hogs (D:11)
  3 steam dragons
  2 hungry ghosts
  3 wargs
  2 swamp worms (Lair:3)
  An acid dragon (D:12)
  11 crocodiles
  8 water moccasins
  9 porcupines
  An ice beast (D:12)
  3 sky beasts
  A black bear (D:6)
  44 orc warriors
  2 phantoms (D:9)
  6 ogres
  3 boggarts (D:12)
  19 centaurs
  13 wolves
  3 elf zombies (Ossuary)
  8 big kobolds
  Blork the orc (D:4)
  9 bullfrogs
  A gnoll sergeant (D:6)
  3 scorpions
  8 wights (D:9)
  8 howler monkeys
  5 lava snakes (Lair:3)
  4 crimson imps
  A human zombie (Ossuary)
  2 bullfrog zombies
  6 centaur zombies
  4 hounds
  2 centaur skeletons
  5 orc priests
  9 jellies
  13 orc wizards
  6 iguanas
  Ijyb (D:3)
  Natasha (thrice) (D:3)
  7 worker ants
  6 hell rats (Lair:4)
  A killer bee zombie (D:5)
  A big kobold zombie (Ossuary)
  2 hound zombies
  2 mummies (Ossuary)
  A hound skeleton (D:6)
  11 gnolls
  10 adders
  2 shadow imps
  An adder skeleton (D:8)
  An adder zombie (D:6)
  A worm (D:2)
  6 dart slugs
  5 leopard geckos
  74 orcs
  2 ball pythons
  4 bats
  4 giant cockroaches
  9 goblins
  13 hobgoblins
  8 jackals
  2 quokkas
  14 frilled lizards
  A goblin zombie (Ossuary)
  11 hobgoblin zombies (Ossuary)
  23 kobolds
  10 kobold zombies (Ossuary)
  A leopard gecko skeleton (D:3)
  6 orc zombies (Ossuary)
  8 rats
  A rat zombie (Ossuary)
692 creatures vanquished.

Vanquished Creatures (collateral kills)
  An orc wizard (Orc)
  An orc (Orc)
2 creatures vanquished.

Vanquished Creatures (others)
  A deep elf archer (Elf:1)
  An ogre (Orc)
  An orc wizard (Orc)
  3 fungi
  4 plants (Lair:3)
10 creatures vanquished.

Grand Total: 704 creatures vanquished

Notes
Turn   | Place    | Note
-------+----------+-------------------------------------------
     0 | D:1      | JackS81 the Minotaur Archaeologist began the quest for the
                  | Orb.
     0 | D:1      | Reached XP level 1. HP: 16/16 MP: 0/0
   195 | D:1      | Reached skill level 1 in Short Blades
   265 | D:1      | Reached XP level 2. HP: 23/23 MP: 1/1
   855 | D:2      | Reached XP level 3. HP: 28/28 MP: 2/2
  1177 | D:2      | Reached XP level 4. HP: 30/35 MP: 1/3
  1462 | D:3      | Noticed Natasha
  1474 | D:3      | Killed Natasha
  1539 | D:3      | Reached skill level 1 in Shields
  1540 | D:3      | Gained mutation: You are partially covered in icy blue
                  | scales. (AC +2) [potion of mutation]
  1540 | D:3      | Gained mutation: Your mind is acute. (Int +2) [potion of
                  | mutation]
  1543 | D:3      | Reached XP level 5. HP: 11/40 MP: 2/4
  1543 | D:3      | Identified a scroll of acquirement
  1552 | D:3      | Reached skill level 5 in Short Blades
  1556 | D:3      | Identified the amulet "Geaf" {+Rage Dex+6 SInv} (You
                  | acquired it on level 3 of the Dungeon)
  1841 | D:3      | Noticed an orc warrior
  1857 | D:3      | Killed an orc warrior
  1861 | D:3      | Found an ancient bone altar of Kikubaaqudgha.
  2004 | D:3      | Found an opulent altar of Gozag.
  2241 | D:3      | Reached XP level 6. HP: 47/47 MP: 5/5
  2283 | D:3      | Noticed Natasha
  2293 | D:3      | Killed Natasha
  2363 | D:3      | Noticed Ijyb
  2381 | D:3      | Killed Ijyb
  2410 | D:3      | Noticed Natasha
  2420 | D:3      | Killed Natasha
  2846 | D:4      | Noticed Blork the orc
  2863 | D:4      | Killed Blork the orc
  2863 | D:4      | Reached XP level 7. HP: 44/52 MP: 6/6
  3206 | D:5      | Entered Level 5 of the Dungeon
  3686 | D:5      | Found a staircase to the Ecumenical Temple.
  3696 | Temple   | Entered the Ecumenical Temple
  3974 | Temple   | Became a worshipper of Warmaster Okawaru
  4002 | D:5      | Got a heavily runed ring mail
  4289 | D:5      | HP: 1/52 [orc warrior/+0 trident (18)]
  4624 | D:6      | Reached skill level 2 in Fighting
  4635 | D:6      | Reached XP level 8. HP: 48/61 MP: 5/7
  4852 | D:6      | Reached * piety under Okawaru
  4882 | D:6      | Reached skill level 10 in Short Blades
  4912 | D:6      | Reached skill level 3 in Fighting
  4971 | D:6      | Lost mutation: Your mind is acute. (Int +2) [potion of
                  | mutation]
  4971 | D:6      | Lost mutation: You are partially covered in icy blue
                  | scales. (AC +2) [potion of mutation]
  4971 | D:6      | Gained mutation: You are agile. (Dex +2) [potion of
                  | mutation]
  4971 | D:6      | Gained mutation: You are resistant to electric shocks.
                  | (rElec) [potion of mutation]
  5081 | D:6      | Reached ** piety under Okawaru
  5206 | D:6      | Found Paytheha's Weapon Shop.
  5326 | D:6      | Identified the cursed +1 ring mail of Wafep {Int+4} (You
                  | found it on level 5 of the Dungeon)
  5481 | D:7      | Found a staircase to the Lair.
  5501 | D:7      | Reached skill level 4 in Fighting
  5509 | D:7      | Reached XP level 9. HP: 71/71 MP: 8/8
  5552 | D:7      | Noticed a troll
  5568 | D:7      | Killed a troll
  5625 | D:7      | Got a scintillating amber ring
  5716 | D:7      | Found an iron altar of Okawaru.
  5788 | D:7      | Reached skill level 5 in Dodging
  5801 | D:7      | Reached skill level 5 in Fighting
  5818 | D:7      | Reached *** piety under Okawaru
  5873 | D:7      | Identified the ring "Jatyduk" {rF+ rC+ Stlth+} (You found
                  | it on level 7 of the Dungeon)
  6125 | D:7      | Noticed Pikel
  6144 | D:7      | Killed Pikel
  6144 | D:7      | Reached **** piety under Okawaru
  6144 | D:7      | Reached skill level 6 in Fighting
  6760 | Lair:1   | Entered Level 1 of the Lair of Beasts
  6875 | Lair:1   | Noticed a cane toad
  6891 | Lair:1   | Killed a cane toad
  7131 | Lair:1   | Reached XP level 10. HP: 65/84 MP: 9/9
  7206 | Lair:1   | Noticed a cane toad
  7208 | Lair:1   | Reached skill level 7 in Fighting
  7230 | Lair:1   | Killed a cane toad
  7230 | Lair:1   | Reached ***** piety under Okawaru
  7371 | Lair:1   | Noticed a cane toad
  7390 | Lair:1   | Received a gift from Okawaru
  7399 | Lair:1   | Killed a cane toad
  7432 | Lair:1   | Noticed a cane toad
  7456 | Lair:1   | Killed a cane toad
  8123 | Lair:1   | Reached skill level 8 in Fighting
  8123 | Lair:1   | Reached skill level 1 in Armour
  8469 | Lair:2   | Reached skill level 1 in Invocations
  9191 | Lair:2   | Reached ****** piety under Okawaru
  9191 | Lair:2   | Reached skill level 9 in Fighting
  9191 | Lair:2   | Reached skill level 5 in Shields
  9308 | Lair:2   | Noticed a death yak
  9309 | Lair:2   | Noticed a death yak
  9309 | Lair:2   | Noticed a death yak
  9325 | Lair:2   | Noticed a death yak
  9327 | Lair:2   | Noticed a death yak
  9372 | Lair:2   | Noticed a seven-headed hydra
  9670 | Lair:2   | Killed a seven-headed hydra
  9670 | Lair:2   | Received a gift from Okawaru
  9670 | Lair:2   | Reached XP level 11. HP: 97/97 MP: 12/12
 10555 | Lair:1   | Killed a death yak
 10674 | Lair:1   | Killed a death yak
 10882 | Lair:2   | Killed a death yak
 10882 | Lair:2   | Reached skill level 10 in Fighting
 11096 | Lair:1   | Killed a death yak
 11096 | Lair:1   | Reached skill level 5 in Armour
 11170 | Lair:2   | Killed a death yak
 11761 | Lair:2   | Upgraded the game from bcrawl-1.21 to
                  | bcrawl-1.21.2-20-g6d45ba5942
 11877 | Lair:3   | Noticed an eight-headed hydra
 11889 | Lair:3   | HP: 1/101 [eight-headed hydra (14)]
 11929 | Lair:3   | HP: 5/101 [steam dragon (6)]
 12259 | Lair:3   | Noticed a six-headed hydra
 12281 | Lair:3   | Killed a six-headed hydra
 12293 | Lair:3   | Reached skill level 5 in Invocations
 12343 | Lair:3   | Got a transparent quarterstaff
 12547 | Lair:3   | Received a gift from Okawaru
 12792 | Lair:3   | Killed an eight-headed hydra
 12936 | Lair:3   | Found a hole to the Spider Nest.
 12984 | Lair:3   | Reached XP level 12. HP: 102/108 MP: 15/15
 13022 | Lair:3   | Noticed a five-headed hydra
 13048 | Lair:3   | Killed a five-headed hydra
 13307 | Lair:3   | Found a staircase to the Swamp.
 13509 | Lair:3   | Reached skill level 11 in Fighting
 13746 | Lair:4   | Noticed Josephine
 13780 | Lair:4   | Killed Josephine
 14176 | Lair:4   | Noticed Snorg
 14189 | Lair:4   | Killed Snorg
 14313 | Lair:4   | Found a runed translucent gate.
 14313 | Lair:4   | Found a runed translucent gate.
 14313 | Lair:4   | Found a runed translucent gate.
 14353 | Lair:4   | Noticed an alligator
 14378 | Lair:4   | Killed an alligator
 14464 | Lair:4   | Noticed a minotaur
 14548 | Lair:4   | Noticed Roxyos's ghost (journeyman DsAc)
 14959 | Lair:5   | Identified the +6 quarterstaff of Departure {crush, rN+
                  | MR++ Str-3} (You found it on level 3 of the Lair of Beasts)
 15042 | Lair:5   | Received a gift from Okawaru
 15368 | Lair:5   | Found a viscous altar of Jiyva.
 15370 | Lair:5   | Found a staircase to the Slime Pits.
 15377 | Lair:5   | Found a viscous altar of Jiyva.
 15446 | Lair:5   | Noticed a catoblepas
 15479 | Lair:5   | Killed a catoblepas
 15483 | Lair:5   | Noticed a catoblepas
 15531 | Lair:5   | Killed a catoblepas
 15752 | Lair:6   | Entered Level 6 of the Lair of Beasts
 15779 | Lair:6   | Reached XP level 13. HP: 107/117 MP: 17/17
 15853 | Lair:6   | Reached skill level 10 in Armour
 16032 | Lair:6   | Reached skill level 12 in Fighting
 16122 | Lair:6   | Received a gift from Okawaru
 16150 | Lair:6   | Found an ornate altar of the Wu Jian Council.
 16300 | Lair:6   | Reached skill level 5 in Stealth
 16401 | Lair:6   | Reached skill level 10 in Dodging
 16965 | Lair:6   | Received a gift from Okawaru
 16968 | Lair:6   | Got a brightly glowing dagger {god gift}
 16969 | Lair:6   | Identified the +5 dagger of the Firefly {speed, +Rage rF+
                  | rC+ Dex+4} (Okawaru gifted it to you on level 6 of the Lair
                  | of Beasts)
 17506 | D:8      | Found a basalt altar of Yredelemnul.
 17571 | D:8      | Found a sand-covered staircase.
 17580 | Ossuary  | Entered an ossuary
 17806 | Ossuary  | Lost mutation: You are agile. (Dex +2) [potion of mutation]
 17806 | Ossuary  | Lost mutation: You are resistant to electric shocks.
                  | (rElec) [potion of mutation]
 17806 | Ossuary  | Gained mutation: You are partially covered in rugged brown
                  | scales. (AC +1, +3% HP) [potion of mutation]
 17806 | Ossuary  | Lost mutation: You are partially covered in rugged brown
                  | scales. (AC +1, +3% HP) [potion of mutation]
 17806 | Ossuary  | Gained mutation: You are partially covered in molten
                  | scales. (AC +2) [potion of mutation]
 17806 | Ossuary  | Gained mutation: You are robust. (+10% HP) [potion of
                  | mutation]
 18095 | D:8      | Found Bonegu's Lightly-Used Armoury.
 18380 | D:9      | Upgraded the game from bcrawl-1.21.2-20-g6d45ba5942 to
                  | bcrawl-1.21.2-28-g2cb1824106
 18491 | D:9      | Received a gift from Okawaru
 18662 | D:9      | Found a staircase to the Orcish Mines.
 18893 | D:9      | Reached XP level 14. HP: 131/139 MP: 19/19
 19483 | D:10     | Entered Level 10 of the Dungeon
 19778 | D:10     | Upgraded the game from bcrawl-1.21.2-28-g2cb1824106 to
                  | bcrawl-1.21.3
 20657 | D:10     | Found a shimmering altar of Xom.
 21106 | D:11     | Noticed Kirke
 21183 | D:11     | Killed Kirke
 21388 | D:12     | Entered Level 12 of the Dungeon
 21546 | D:12     | Reached skill level 13 in Fighting
 21800 | D:12     | Received a gift from Okawaru
 21833 | D:12     | Found a staircase to the Depths.
 22108 | D:12     | Noticed Louise
 22217 | D:12     | Killed Louise
 22226 | D:12     | Reached skill level 10 in Invocations
 22464 | D:12     | Received a gift from Okawaru
 22467 | D:12     | Got a crude dagger {god gift}
 22475 | D:12     | Identified the +1 dagger "Eczotz" {speed, *Drain Str+4
                  | SInv} (Okawaru gifted it to you on level 12 of the Dungeon)
 22612 | D:12     | Reached XP level 15. HP: 149/149 MP: 21/21
 23031 | D:12     | Found a gate to the Vaults.
 23597 | Orc      | Entered the Orcish Mines
 23602 | Orc      | Paralysed by an orc sorcerer for 2 turns
 23646 | Orc      | Noticed Sonja
 23653 | Orc      | Noticed an orc warlord
 23660 | Orc      | Noticed Gastronok
 23737 | Orc      | Noticed Jorgrun
 23767 | Orc      | Killed Gastronok
 23771 | Orc      | Found a staircase to the Elven Halls.
 23793 | D:9      | Killed Jorgrun
 23975 | D:9      | Killed an orc warlord
 23975 | D:9      | Received a gift from Okawaru
 24348 | Orc      | Killed Sonja
 24362 | Orc      | Reached skill level 10 in Stealth
 24506 | Orc      | Found a roughly hewn altar of Beogh.
 24683 | D:9      | Upgraded the game from bcrawl-1.21.3 to bcrawl-1.26.1
 24814 | Orc      | Reached skill level 10 in Shields
 25096 | Orc      | Noticed Donald
 25128 | Orc      | Killed Donald
 25294 | Orc      | Found Qoliosin's Jewellery Emporium.
 25294 | Orc      | Found Misairia's Distillery.
 25296 | Orc      | Found Diwny's Antique Armour Boutique.
 25298 | Orc      | Found Axaiss's Armour Shoppe.
 25702 | Orc      | Bought a potion of berserk rage for 30 gold pieces
 25751 | Elf:1    | Entered Level 1 of the Elven Halls
 26212 | Elf:1    | Found Felisych's Weapon Boutique.
 26307 | Elf:1    | Reached skill level 14 in Fighting
 26459 | Elf:1    | Found Higich's General Store.
 26798 | Elf:1    | Killed from afar by a deep elf knight

Skill      XL: |  1  2  3  4  5  6  7  8  9 10 11 12 13 14 15 |
---------------+----------------------------------------------+-----
Short Blades   | 1 2 3 4 6 7 9 11 12 | 12.9
Shields        | 1 2 3 5 6 7 8 9 10 | 10.7
Fighting       | 2 4 6 9 10 11 12 13 14 | 14.0
Dodging        | 4 6 7 9 10 11 | 11.9
Armour         | 3 6 9 10 11 12 | 12.8
Invocations    | 3 5 7 8 10 11 | 11.4
Stealth        | 4 7 9 10 | 10.4
Maces & Flails | |  1.9

Action                   |  1- 3 |  4- 6 |  7- 9 | 10-12 | 13-15 || total
-------------------------+-------+-------+-------+-------+-------++-------
Melee: Short sword       |    74 |    69 |       |       |       ||   143
       Whip              |     8 |       |       |       |       ||     8
       Headbutt          |     9 |    18 |    61 |   248 |   716 ||  1052
       Quick blade       |       |    95 |   382 |   883 |  1488 ||  2848
       Dagger            |       |       |       |       |  1091 ||  1091
       Punch             |       |       |       |       |     2 ||     2
Throw: Tomahawk          |       |    10 |     3 |    36 |    17 ||    66
Invok: Heroism           |       |       |     1 |    23 |    51 ||    75
       Finesse           |       |       |       |     7 |    21 ||    28
Evoke: Wand              |       |       |       |       |    12 ||    12
       Fan of gales      |       |       |       |       |     2 ||     2
  Use: Potion            |       |     5 |     3 |     2 |    14 ||    24
       Scroll            |       |     1 |     3 |    12 |    13 ||    29
 Stab: Sleeping          |     1 |     6 |     3 |     4 |    53 ||    67
       Distracted        |       |       |     1 |       |     6 ||     7
       Petrified         |       |       |       |       |     1 ||     1
  Eat: Chunk             |     1 |     5 |    10 |    18 |    28 ||    62
       Ration            |       |       |     1 |     3 |     2 ||     6
Armor: Robe              |    15 |    17 |    41 |    13 |       ||    86
       Skin              |       |       |       |    33 |       ||    33
       Chain mail        |       |       |       |    70 |       ||    70
       Troll leather arm |       |       |       |    19 |   230 ||   249
Dodge: Dodged            |    52 |    51 |   101 |   227 |   921 ||  1352
Block: Buckler           |     8 |    13 |    29 |   118 |   387 ||   555
       Medium shield     |       |       |       |       |    55 ||    55
       Reflection        |       |       |       |       |    10 ||    10
